 Dungeon Crawl Stone Soup version 0.22.1-2-g9c5b331 (webtiles) character file.

343 video the Covert (level 6, -2/46 HPs)
             Began as a Vampire Assassin on Nov 21, 2018.
             Was an Initiate of Dithmenos.
             Slain by a wight
             ... wielding a +3 hand axe of freezing
              (4 damage)
             ... on level 5 of the Dungeon.
             The game lasted 00:19:15 (3825 turns).

video the Covert (Vampire Assassin)                 Turns: 3825, Time: 00:19:15

Health: -2/46      AC:  0    Str: 10    XL:     6   Next: 31%
Magic:  4/6        EV: 20    Int: 13    God:    Dithmenos [......]
Gold:   222        SH:  0    Dex: 23    Spells: 5/5 levels left

rFire    . . .     SeeInvis +   (weapon currently unavailable)
rCold    . . .     Gourm    .   (shield currently unavailable)
rNeg     + . .     Faith    .   (armour currently unavailable)
rPois    .         Spirit   .   (helmet currently unavailable)
rElec    .         Reflect  .   (cloak currently unavailable)
rCorr    .         Harm     .   (gloves currently unavailable)
MR       .....                  (boots currently unavailable)
Stlth    +++++++...             (no amulet)
HPRegen  0.15/turn              (ring currently unavailable)
MPRegen  0.10/turn              (ring currently unavailable)

@: lethally poisoned (-2 -> -3), bat-form, flying, very quick
A: tiny, fangs 3, see invisible
a: End Transformation, Renounce Religion


You were on level 5 of the Dungeon.
You worshipped Dithmenos.
Dithmenos was noncommittal.
You were not thirsty.
You were in vampire-bat-form.
You visited 1 branch of the dungeon, and saw 5 of its levels.

You collected 222 gold pieces.

Inventory:

Hand Weapons
 a - a +3 dagger (melded)
 b - a +0 blowgun
Missiles
 e - 8 poisoned needles
 f - 2 curare-tipped needles
Armour
 c - a +0 robe (melded)
 d - a +0 cloak (melded)
 h - a +2 pair of gloves
 u - a scarf of resistance
 v - a +0 pair of gloves
 x - a +0 hat
Jewellery
 m - an uncursed ring of resist corrosion {unknown}
 n - a +2 amulet of reflection {unknown}
 q - an uncursed ring of protection from magic {unknown}
Scrolls
 i - a scroll of enchant armour {unknown}
 r - a scroll of remove curse
 t - a scroll of amnesia
 w - a scroll of enchant weapon
Potions
 g - 7 potions of blood
 j - a potion of heal wounds {unknown}
 k - a potion of magic {unknown}
 l - a potion of flight {unknown}
 o - a potion of brilliance {unknown}
 p - 4 potions of curing
 s - a potion of haste {unknown}


   Skills:
 + Level 2.6 Fighting
 + Level 3.8 Short Blades
 - Level 1.5 Throwing
 * Level 2.3 Dodging
 + Level 9.6 Stealth


You had 5 spell levels left.
You didn't know any spells.
Your spell library was empty.

Dungeon Overview and Level Annotations

Branches:
Dungeon (5/15)             Temple (0/1) D:4

Altars:
Dithmenos
Ru
Uskayaw


Innate Abilities, Weirdness & Mutations

You have razor-sharp teeth.
You have supernaturally acute eyesight. (SInv)
((You can survive without breathing.))


Message History

The wight freezes you.
You hit the wight but do no damage. You bite the wight.
The wight is moderately damaged.
The wight hits you with a hand axe of freezing.
The wight freezes you.
* * * LOW HITPOINT WARNING * * *
You hit the wight but do no damage.
The wight is moderately damaged.
You barely miss the wight. Your bite misses the wight.
The wight is moderately damaged.
The wight closely misses you.
You completely miss the wight.
The wight is moderately damaged.
You feel sick. The wight misses you.
You turn into a vampire bat.
Your +3 dagger melds into your body.
Your +0 cloak melds into your body.
Your +0 robe melds into your body.
The wight hits you with a hand axe of freezing!
* * * LOW HITPOINT WARNING * * *
The wight freezes you.
You die...

####### ###.....#
........###
#........#
#......#.#
#.##+#<#.#######
>..........Jzb..#
.#.##.#.#.#####+##
#.#.#......... #
#.#.........
(...........
#.#..h......
zz.#.........


Jz# #S.......? ... #.#######+ You could see a jelly and a wight.

Vanquished Creatures
  Grinder (D:3)
  2 worker ants (D:4)
  An adder (D:5)
  2 gnolls (D:3)
  2 worms (D:2)
  A dart slug (D:1)
  3 leopard geckos
  5 orcs
  A giant cockroach (D:2)
  6 goblins
  5 hobgoblins
  A jackal (D:5)
  2 quokkas (D:4)
  11 bats
  7 frilled lizards
  8 kobolds
  A quokka zombie (D:5)
  9 rats
68 creatures vanquished.

Notes
Turn   | Place    | Note
-------+----------+-------------------------------------------
     0 | D:1      | video the Vampire Assassin began the quest for the Orb.
     0 | D:1      | Reached XP level 1. HP: 16/16 MP: 1/1
   141 | D:1      | Reached skill level 6 in Stealth
   200 | D:1      | Reached XP level 2. HP: 15/22 MP: 2/2
   824 | D:2      | Reached skill level 7 in Stealth
   824 | D:2      | Reached XP level 3. HP: 21/27 MP: 3/3
  1011 | D:2      | Found a shadowy altar of Dithmenos.
  1027 | D:2      | Became a worshipper of Dithmenos the Shadowed
  1635 | D:3      | Noticed Grinder
  1653 | D:3      | Killed Grinder
  1653 | D:3      | Reached skill level 9 in Stealth
  1653 | D:3      | Reached XP level 4. HP: 27/34 MP: 4/4
  1653 | D:3      | Reached XP level 5. HP: 31/39 MP: 5/5
  1790 | D:3      | Found a sacrificial altar of Ru.
  2631 | D:3      | Reached XP level 6. HP: 21/46 MP: 6/6
  3382 | D:4      | Found a hide-covered altar of Uskayaw.
  3481 | D:4      | Found a staircase to the Ecumenical Temple.
  3604 | D:5      | Entered Level 5 of the Dungeon
  3825 | D:5      | HP: 2/46 [wight/hand axe of freezing (10)]
  3825 | D:5      | Slain by a wight

Skill      XL: |  1  2  3 |
---------------+----------+-----
Stealth        | 6 7 9 |  9.6
Fighting       | 2 |  2.6
Short Blades   | 3 |  3.8
Dodging        | 2 |  2.3
Throwing       | |  1.5

Action                   |  1- 3 |  4- 6 || total
-------------------------+-------+-------++-------
Melee: Dagger            |    96 |   111 ||   207
       Bite              |    10 |     8 ||    18
 Abil: Bat Form          |       |     2 ||     2
       End Transformatio |       |     1 ||     1
  Use: Potion            |     2 |     6 ||     8
       Scroll            |       |     7 ||     7
 Stab: Sleeping          |    13 |    10 ||    23
  Eat: Corpse            |     3 |       ||     3
Armor: Robe              |    18 |     8 ||    26
Dodge: Dodged            |    59 |    48 ||   107
